 Dungeon Crawl Stone Soup version 0.21-a0-437-ge5bf024 (webtiles) character file.

89 xnavy the Slasher (level 4, -2/57 HPs)
             Began as a Barachi Berserker on Nov 9, 2017.
             Was a Believer of Trog.
             Slain by a centaur
             ... wielding a cursed +0 shortbow
              (9 damage)
             ... on level 2 of the Dungeon.
             The game lasted 00:02:54 (1799 turns).

xnavy the Slasher (Barachi Berserker)               Turns: 1799, Time: 00:02:55

Health: -2/57      AC:  2    Str: 24    XL:     4   Next: 55%
Magic:  4/4        EV: 12    Int:  7    God:    Trog [**....]
Gold:   26         SH:  0    Dex: 12    Spells: 3/3 levels left

rFire    . . .     SeeInvis .   a - +0 falchion
rCold    . . .     Gourm    .   (no shield)
rNeg     . . .     Faith    .   b - +0 animal skin
rPois    .         Spirit   .   (no helmet)
rElec    .         Reflect  .   (no cloak)
rCorr    .         Harm     .   (no gloves)
MR       .....                  (no boots)
Stlth    ..........             (no amulet)
HPRegen  0.19/turn              (no ring)
MPRegen  0.09/turn              (no ring)

@: berserking, very quick
A: +LOS, swims, slowness 1, strong legs 1
a: Hop, Berserk, Trog's Hand, Burn Spellbooks, Renounce Religion


You were on level 2 of the Dungeon.
You worshipped Trog.
Trog was pleased with you.
You were not hungry.

You visited 1 branch of the dungeon, and saw 2 of its levels.

You collected 26 gold pieces.

Inventory:

Hand Weapons
 a - a +0 falchion (weapon)
Missiles
 i - 2 throwing nets {=f, !d}
 n - 18 stones (quivered)
Armour
 b - a +0 animal skin (worn)
Jewellery
 g - an uncursed ring of ice {unknown}
   (You found it on level 1 of the Dungeon)
Scrolls
 d - a scroll of amnesia {unknown}
 e - a scroll of identify {unknown}
 h - a scroll of enchant armour {unknown}
 k - a scroll of enchant weapon {unknown}
 l - a scroll of teleportation {unknown}
Potions
 f - 2 potions of curing {unknown}
Comestibles
 c - 2 bread rations {@e1}
 j - 3 chunks of flesh {@w0}
 m - a meat ration {@e2}


   Skills:
 + Level 4.4 Fighting
 * Level 5.1 Long Blades
 + Level 3.5 Armour
 - Level 2.1 Dodging


You had 3 spell levels left.
You didn't know any spells.

Dungeon Overview and Level Annotations

Branches:
Dungeon (2/15)

Altars:
Okawaru
Ru
Trog


Innate Abilities, Weirdness & Mutations

Shadows flee at your approach. (+LOS)
You can swim through water.
You cover ground slowly.
You can hop short distances.


Message History

Jessica gestures wildly while chanting.
Jessica seems to speed up.
Jessica mumbles some strange words.
Jessica blinks!
You start waiting.
Your skin crawls.
You feel resistant to hostile enchantments.
You are feeling hungry.
You can no longer call upon Trog for regeneration and protection from hostile enchantments.
You hit the adder but do no damage. The adder bites you.
You are poisoned.
The adder poisons you!
You take 5 damage, and have 25/30 hp.
A red film seems to cover your vision as you go berserk!
You feel yourself moving faster!
You feel mighty!
You are feeling very hungry.
You feel sick.
Jessica casts a spell.
Jessica blinks!
The adder bites you but does no damage.
You now have 37/45 hp.
You miss the adder. The adder closely misses you.
You riposte.
You hit the adder. You miss the adder.
You feel sick. The adder barely misses you.
You riposte.
You slash the adder!
You kill the adder!
Trog accepts your kill.
You have reached level 4!
You feel agile.
Jessica says, "I'm really upset."
You regained 8 hp, and now have 46/55 hp.
MP restored: 4 You slash Jessica!
You feel the power of Trog in you as your rage grows.
You kill Jessica!
Trog accepts your kill.
You can now call upon Trog for regeneration and protection from hostile enchantments.
Trog appreciates your killing of a magic user.
Your Long Blades skill increases to level 5!
You regained 3 hp, and now have 49/57 hp.
You feel the effects of Trog's Hand fading.
You see here an adder corpse.
You butcher the adder corpse.
You feel a strong urge to attack something.
j - 6 chunks of flesh {@w0} (gained 1)
You feel sick.
You feel your anger nearly subside.
You are no longer berserk.
You are exhausted.
You feel yourself slow down.
Things that are here:
a robe; the human corpse of Jessica You now have 35/38 hp.
You butcher the human corpse of Jessica.
You feel sick.
j - 8 chunks of flesh {@w0} (gained 2)
Things that are here:
a robe; the human skeleton of Jessica Your skin stops crawling.
You feel less resistant to hostile enchantments.
There isn't anything to butcher here.
There is a stone staircase leading up here.
Autoeating chunks.
Eating one of 8 chunks of flesh {@w0}.
You eat one of the 8 chunks of flesh {@w0}.
You feel sick.
You start resting.
You feel sick. x2
You are no longer poisoned.
You take 2 damage, and have 34/38 hp.
You start resting.
Some of the chunks of flesh in your inventory have rotted away.
Eating one of 6 chunks of flesh {@w0}.
You eat one of the 6 chunks of flesh {@w0}.
Health restored: 38 You start waiting.
You feel yourself speed up.
m - a meat ration {@e2} You recover from your berserk rage.
Found a stone staircase leading up.
You see here 21 stones.
n - 21 stones A centaur comes into view.
Aim: a centaur (resting)
You throw a stone.
The stone hits the centaur but does no damage.
The centaur wields a shortbow.
The centaur shoots an arrow.
The arrow hits you!
The centaur shoots an arrow.
The arrow hits you!
Aim: a centaur, wielding a shortbow You throw a stone.
The stone barely misses the centaur.
The centaur shoots an arrow.
The arrow misses you.
Aim: a centaur, wielding a shortbow You throw a stone.
The stone barely misses the centaur.
The centaur shoots an arrow.
The arrow hits you!
* * * LOW HITPOINT WARNING * * *
You take 33 damage, and have 5/38 hp.
MASSIVE DAMAGE!!
Some of the chunks of flesh in your inventory have rotted away.
A red film seems to cover your vision as you go berserk!
You feel yourself moving faster!
You feel mighty!
You feel quite a bit more hungry. The centaur hits you with a shortbow!
You die...

##### #..!. #... ..
####.. #.. #....##c(
##...... .#
#...$c###...#.#
#...(.@....?...
#(.....<.##.#.#
#..###..## .# #
#..###..#
#.#.###.#......####
###.#..##.##.###.....
.##.#...............#
.##.#..##.#..#.##.#.#
.##.......#.......#.#


You could see a centaur.

Vanquished Creatures
  Jessica (D:2)
  2 adders (D:2)
  2 dart slugs
  8 bats
  5 giant cockroaches
  5 goblins (D:1)
  2 hobgoblins (D:2)
  7 jackals (D:1)
  2 frilled lizards (D:1)
  2 kobolds (D:1)
  5 rats
41 creatures vanquished.

Notes
Turn   | Place    | Note
-------+----------+-------------------------------------------
     0 | D:1      | xnavy the Barachi Berserker began the quest for the Orb.
     0 | D:1      | Reached XP level 1. HP: 18/18 MP: 1/1
    85 | D:1      | Reached XP level 2. HP: 10/25 MP: 2/2
    87 | D:1      | Reached skill level 4 in Long Blades
   605 | D:1      | Reached skill level 4 in Fighting
   830 | D:1      | Reached XP level 3. HP: 30/30 MP: 3/3
   914 | D:1      | Reached skill level 3 in Armour
  1204 | D:1      | Reached ** piety under Trog
  1595 | D:2      | Found a sacrificial altar of Ru.
  1681 | D:2      | Found an iron altar of Okawaru.
  1682 | D:2      | Found a bloodstained altar of Trog.
  1719 | D:2      | Noticed Jessica
  1729 | D:2      | Reached XP level 4. HP: 37/37 MP: 4/4
  1730 | D:2      | Killed Jessica
  1730 | D:2      | Reached skill level 5 in Long Blades
  1793 | D:2      | Noticed a centaur
  1796 | D:2      | HP: 5/38 [centaur/arrow (13)]
  1799 | D:2      | Slain by a centaur

Vault maps used:
D:1:      matt_arrival_los_fun, st_stairs_13
D:2:      gammafunk_temple_overflow_statue, nicolae_overflow_crystal_walls,
          led_sif_pool, minmay_pentomino_s2, uniq_crazy_yiuf_cottage,
          uniq_jessica

Skill      XL: |  1  2  3  4 |
---------------+-------------+-----
Long Blades    | 4 5 |  5.1
Fighting       | 4 |  4.4
Armour         | 3 |  3.5
Dodging        | |  2.1

Action                   |  1- 3 |  4- 6 || total
-------------------------+-------+-------++-------
Melee: Falchion          |   109 |     1 ||   110
Throw: Stone             |       |     3 ||     3
Invok: Berserk           |     2 |     1 ||     3
       Trog's Hand       |     1 |       ||     1
 Stab: Sleeping          |     2 |       ||     2
  Eat: Chunk             |     4 |     2 ||     6
Armor: Animal skin       |    42 |       ||    42
Dodge: Dodged            |    85 |     1 ||    86
       Rpst.: Falchion   |    28 |       ||    28

Table legend:
 A = Spawn XP
 B = Non-spawn XP
 C = Spawn XP percentage of total XP
 D = Spawn monster count
 E = Non-spawn monster count
 F = Spawn count percentage of total count
 G = Total turns spent on level
                    A         B        C        D         E        F      G
               +---------+---------+-------+---------+---------+-------+---------
         Total |       0 |     128 |   0.0 |       0 |      41 |   0.0 |  1799
               +---------+---------+-------+---------+---------+-------+---------
           D:1 |       0 |      46 |   0.0 |       0 |      28 |   0.0 |  1320
           D:2 |       0 |      82 |   0.0 |       0 |      13 |   0.0 |   479
               +---------+---------+-------+---------+---------+-------+---------

Vault maps used:
D:1:      matt_arrival_los_fun, st_stairs_13
D:2:      gammafunk_temple_overflow_statue, nicolae_overflow_crystal_walls,
          led_sif_pool, minmay_pentomino_s2, uniq_crazy_yiuf_cottage,
          uniq_jessica

Table legend:
 A = Turns spent in this place as a percentage of turns spent in the entire game.
 B = Non-inter-level travel turns spent in this place as a percentage of non-inter-level travel turns spent in the entire game.
 C = Inter-level travel turns spent in this place as a percentage of turns spent in this place.
 D = Turns resting spent in this place as a percentage of non-inter-level travel turns spent in this place.
 E = Turns spent auto-exploring this place as a percentage of non-inter-level travel turns spent in this place.
 F = Non-inter-level travel turns spent in this place divided by the number of levels of this place that you've seen.
                   A       B       C       D       E      F
               +-------+-------+-------+-------+-------+----------------------
         Total | 100.0 | 100.0 |   3.7 |  39.8 |  43.4 | 866.0
       Dungeon | 100.0 | 100.0 |   3.7 |  39.8 |  43.4 | 866.0
               +-------+-------+-------+-------+-------+----------------------

Table legend:
 A = Kills in this place as a percentage of kills in entire the game.
 B = Kills by you in this place as a percentage of kills by you in the entire game.
 C = Kills by friends in this place as a percentage of kills by friends in the entire game.
 D = Other kills in this place as a percentage of other kills in the entire game.
 E = Experience gained in this place as a percentage of experience gained in the entire game.
 F = Experience gained in this place divided by the number of levels of this place that you have seen.
                   A       B       C       D       E      F
               +-------+-------+-------+-------+-------+----------------------
         Total | 100.0 | 100.0 |   N/A |   N/A | 100.0 |  64.0
       Dungeon | 100.0 | 100.0 |   N/A |   N/A | 100.0 |  64.0
               +-------+-------+-------+-------+-------+----------------------
